 Dungeon Crawl Stone Soup version 0.16.2-12-gd0ad4c3 (webtiles) character file.

148 faibistes the Magician (level 5, -2/28 HPs)
             Began as a Deep Elf Wizard on Nov 28, 2018.
             Slain by Crazy Yiuf
             ... wielding a +2 quarterstaff of chaos
              (15 damage)
             ... on level 2 of the Dungeon.
             The game lasted 00:08:22 (3126 turns).

faibistes the Magician (Deep Elf Wizard)            Turns: 3126, Time: 00:08:23

Health: -2/28      AC:  2    Str:  4    XL:     5   Next: 8%
Magic:  13/20      EV: 13    Int: 24    God:
Gold:   66         SH:  0    Dex: 13    Spells: 6 memorised, 3 levels left

rFire  . . .     SeeInvis .     r - +1 dagger (flame)
rCold  . . .     Clarity  .     a - +0 robe
rNeg   . . .     SustAb   .     (no shield)
rPois  .         Gourm    .     b - +0 hat
rElec  .         Spirit   .     (no cloak)
rCorr  +         Warding  .     (no gloves)
rMut   .         Stasis   .     (no boots)
MR     .....                    h - amulet of resist corrosion
Stlth  +.........               (no ring)
                                (no ring)

@: confused, very slightly contaminated, repel missiles, not resistant to
hostile enchantments, very unstealthy
A: no striking features
a: no special abilities


You were on level 2 of the Dungeon.
You were not hungry.

You visited 1 branch of the dungeon, and saw 3 of its levels.

You collected 66 gold pieces.

Inventory:

Hand weapons
 j - a +0 dagger
 p - a +0 hand axe of draining
 r - a +1 dagger of flaming (weapon)
Armour
 a - a +0 robe (worn)
 b - a +0 hat (worn)
Jewellery
 h - an amulet of resist corrosion (around neck)
Scrolls
 e - a scroll of amnesia {unknown}
 f - a scroll of recharging {unknown}
 g - a scroll of identify
 i - 2 scrolls of remove curse {unknown}
 l - 2 scrolls of fog {unknown}
 q - a scroll of magic mapping {unknown}
 s - a scroll of random uselessness {unknown}
Potions
 k - a potion of heal wounds
 o - a potion of poison
 t - a potion of ambrosia
 u - a potion of cure mutation
Books
 c - a book of Minor Magic

   Spells                             Type                      Level
   a - Magic Dart                     Conjuration                  1
   b - Blink                          Translocation                2
   c - Call Imp                       Summoning                    2
   d - Repel Missiles                 Charms/Air                   2
   e - Slow                           Hexes                        2
   f - Conjure Flame                  Conjuration/Fire             3
   g - Mephitic Cloud                 Conjuration/Poison/Air       3
Comestibles
 d - a bread ration
 m - 2 beef jerkies
 n - 4 chunks of flesh


   Skills:
 + Level 3.3 Dodging
 - Level 2.4 Stealth
 * Level 6.1 Spellcasting
 * Level 3.5 Conjurations
 - Level 1.1 Summonings
 - Level 1.1 Translocations


You had 3 spell levels left.
You knew the following spells:

 Your Spells              Type           Power        Failure   Level  Hunger
a - Magic Dart            Conj           ###.         1%          1    None
b - Conjure Flame         Conj/Fire      ###.....     14%         3    #......
c - Call Imp              Summ           ##......     10%         2    None
d - Blink                 Tloc           N/A          10%         2    None
e - Mephitic Cloud        Conj/Pois/Air  ##......     17%         3    #......
f - Repel Missiles        Chrm/Air       #.....       12%         2    None


Dungeon Overview and Level Annotations

Branches:
Dungeon (3/15)

Altars:
Cheibriados

Annotations:
D:2 Crazy Yiuf


Message History

Your will is overpowered!
You are more confused.
You closely miss Crazy Yiuf.
Crazy Yiuf is lightly wounded.
Crazy Yiuf zaps a wand.
Your will is overpowered!
You are more confused.
You bump into the stone wall.
Crazy Yiuf barely misses you.
You closely miss Crazy Yiuf.
Crazy Yiuf is lightly wounded.
Crazy Yiuf zaps a wand.
You resist with some effort.
You bump into the stone wall.
Crazy Yiuf zaps a wand.
Your will is overpowered!
You are more confused.
You hit Crazy Yiuf.
Crazy Yiuf is lightly wounded.
Crazy Yiuf closely misses you.
You hit Crazy Yiuf but do no damage.
Crazy Yiuf is lightly wounded.
Crazy Yiuf hits you with a quarterstaff of chaos!
You are electrocuted!
Ouch! That really hurt!
You die...

###########
#######.........# ###
#.......#######.# #..
#.#####.# #.# #.# #.#######
### #.# #.##..# ###.#
#.##.## #######.... #.....#
########.#.P..##.# ####.##
#@..##..#.P....#.# #.#
#.g...####PP.....# #.#
#)..### ###...... #.# #####
####### #.# # ###.## #####
#....# ####### ###....
###....### ##.....###.###.#
#........###.......##.###.#


You could see Crazy Yiuf.

Vanquished Creatures
  Ijyb (D:2)
  Terence (D:2)
  4 gnolls (D:2)
  An adder (D:2)
  2 worms
  2 giant geckos
  An ooze (D:1)
  An orc (D:3)
  6 bats
  2 giant cockroaches (D:1)
  7 goblins
  6 hobgoblins (D:2)
  2 jackals (D:2)
  2 quokkas
  3 ball pythons
  2 giant newts
  3 kobolds
  4 rats
  A fungus (D:2)
51 creatures vanquished.

Vanquished Creatures (collateral kills)
  A gnoll (D:1)
1 creature vanquished.

Grand Total: 52 creatures vanquished

Notes
Turn   | Place    | Note
--------------------------------------------------------------
     0 | D:1      | faibistes, the Deep Elf Wizard, began the quest for the Orb.
     0 | D:1      | Reached XP level 1. HP: 10/10 MP: 6/6
   284 | D:1      | Reached XP level 2. HP: 15/15 MP: 8/10
   317 | D:1      | Learned a level 2 spell: Blink
   320 | D:1      | Learned a level 2 spell: Call Imp
   340 | D:1      | Reached skill level 5 in Spellcasting
  1122 | D:1      | Reached XP level 3. HP: 10/19 MP: 0/14
  1269 | D:2      | Learned a level 3 spell: Conjure Flame
  1273 | D:2      | Learned a level 3 spell: Mephitic Cloud
  1461 | D:2      | Noticed Terence
  1631 | D:2      | Killed Terence
  1852 | D:2      | Noticed Ijyb
  2107 | D:2      | Killed Ijyb
  2107 | D:2      | Reached XP level 4. HP: 15/24 MP: 3/17
  2122 | D:2      | Learned a level 2 spell: Repel Missiles
  2336 | D:3      | Found a snail-covered altar of Cheibriados.
  2944 | D:2      | Reached skill level 6 in Spellcasting
  2953 | D:2      | Reached XP level 5. HP: 21/28 MP: 10/20
  3098 | D:2      | Noticed Crazy Yiuf
  3126 | D:2      | Slain by Crazy Yiuf

Action                   |  1- 3 |  4- 6 || total
-------------------------+-------+-------++-------
Melee: Unarmed           |     1 |       ||     1
       Hand axe          |    10 |       ||    10
       Dagger            |       |    21 ||    21
 Cast: Magic Dart        |    81 |    55 ||   136
       Call Imp          |     3 |       ||     3
       Mephitic Cloud    |     5 |     2 ||     7
       Conjure Flame     |     3 |     1 ||     4
       Blink             |     2 |     1 ||     3
       Repel Missiles    |       |     1 ||     1
  Use: Scroll            |     1 |     3 ||     4
       Potion            |       |     1 ||     1
 Stab: Confused          |       |     1 ||     1
  Eat: Chunk             |     3 |     4 ||     7
